 Dungeon Crawl Stone Soup version 0.30-a0-557-ge2afbf3030 (webtiles) character file.

Game seed: 15491619436996344154

28 arthad the Digger (level 3, -1/19 HPs)
             Began as a Gargoyle Earth Elementalist on Dec 27, 2022.
             Killed by an exploding quokka (16 damage)
             ... ignited by their inner flame
             ... on level 2 of the Dungeon.
             The game lasted 00:02:36 (953 turns).

arthad the Digger (Gargoyle Earth Elementalist)      Turns: 953, Time: 00:02:37

Health: -1/19      AC:  6    Str: 11    XL:     3   Next: 12%
Magic:  3/6        EV: 12    Int: 17    God:
Gold:   58         SH:  0    Dex: 10    Spells: 5/6 levels left

rFire   + . .      SeeInvis .    j - staff of fire
rCold   . . .      Faith    .    (no shield)
rNeg    + . .      Spirit   .    a - +0 robe
rPois   ∞          Reflect  .    i - +0 helmet
rElec   +          Harm     .    (no cloak)
rCorr   .          Rampage  .    (no gloves)
Will    .....                    (no boots)
Stlth   ++                       (no amulet)
HPRegen 0.23/turn                (no ring)
MPRegen 0.10/turn                (no ring)

@: no status effects
A: sickness immunity, AC +3, negative energy resistance 1, electricity
resistance, torment resistance 1, petrification resistance
a: no special abilities


You were on level 2 of the Dungeon.
You visited 1 branch of the dungeon, and saw 2 of its levels.

You collected 58 gold pieces.

Inventory:

Missiles
 l - 4 poisoned darts
Armour
 a - a +0 robe (worn)
 i - a +0 helmet (worn)
Magical Staves
 j - a staff of fire (weapon)
Jewellery
 k - an amulet of guardian spirit
Scrolls
 g - 3 scrolls of identify {unknown}
 h - a scroll of noise {unknown}
 m - a scroll of enchant weapon {unknown}
 o - a scroll of magic mapping {unknown}
 q - a scroll of teleportation {unknown}
Potions
 b - a potion of magic
 e - a potion of heal wounds {unknown}
 f - 2 potions of curing {unknown}
 n - a potion of invisibility {unknown}
 p - a potion of attraction {unknown}


   Skills:
 + Level 1.6 Dodging
 * Level 2.4 Stealth
 * Level 2.4 Spellcasting
 - Level 0.7 Transmutations
 * Level 4.5 Earth Magic


You had 5 spell levels left.
You knew the following spells:

 Your Spells              Type           Power      Damage    Failure   Level
a - Sandblast             Erth           34%        2d9       3%          1

Your spell library contained the following spells:

 Spells                   Type           Power      Damage    Failure   Level
 Passwall                 Tmut/Erth      9%         N/A       10%         2
 Stone Arrow              Conj/Erth      18%        3d8       22%         3
 Petrify                  Tmut/Erth      11%        N/A       54%         4


Dungeon Overview and Level Annotations

Branches:
Dungeon (2/15)

Altars:


Innate Abilities, Weirdness & Mutations

You are immune to sickness and miasma.
Your stone body is resilient. (AC +3)
You are immune to poison.
You resist negative energy. (rN+)
You are resistant to electric shocks. (rElec)
You are resistant to unholy torment.
You are immune to petrification.


Message History

The orc wizard flickers and vanishes!
Deactivating autopickup; reactivate with Ctrl-A.
An orc comes into view. It is wielding a +0 flail.
You hear a shout!
You hear an angry hiss.
The blast of sand hits the ball python.
You kill the ball python!
The orc shouts!
You hear a shout!
The quokka bites you.
The blast of sand hits the quokka.
The quokka is almost dead.
A kobold comes into view. It is wielding a +0 dagger.
The quokka closely misses you. x2
The quokka attacks as you move away!
The quokka bites you but does no damage.
An orc comes into view. It is wielding a +0 mace.
The quokka attacks as you move away!
The quokka bites you but does no damage.
The quokka attacks as you move away!
The quokka bites you but does no damage.
The quokka closely misses you. The quokka attacks as you move away!
The quokka misses you.
You aren't carrying any items that you can evoke.
As you read the scroll labelled MEG BYTRAOKAPPOEX, it crumbles to dust.
It is a scroll of amnesia.
Really abort (and waste the scroll)?
Okay, then.
The quokka bites you. The quokka barely misses you.
As you read the scroll labelled ZEHOURI POIRHOA, it crumbles to dust.
The creatures around you are filled with an inner flame!
It was a scroll of immolation.
The quokka misses you.
Aiming: Sandblast (safe; 3% risk of failure)
Press: ? - help, Q - select action, (/) - cycle Shift-Dir - straight line, f/p - quokka
Aim: a quokka (severely wounded, inner flame, 75% to hit)
The blast of sand hits the quokka!
The quokka explodes!
The fiery explosion engulfs something!!
Reactivating autopickup.
You feel a bit more experienced. The fiery explosion engulfs you! You resist.
Ouch! That really hurt!
You die...

# ############## .#
#............# #######.
#..........).# < #......
#............# .. #.##..
#........)...# ... #.##.#
#§§..........#
....#.##.######§@..........#####
....†.....Ko.o§§§.............>#
..#.#+############.....##'####.#
.. #.....##.# .. #####.....##.#
. ...........##.#
..............# ............###
............#


You could see 2 orcs and a kobold (inner flame).

Vanquished Creatures
  An orc wizard (D:2)
  A ball python (D:2)
  2 bats
  An endoplasm (D:1)
  3 giant cockroaches
  4 goblins
  3 hobgoblins
  4 jackals (D:1)
  A quokka (D:2)
  2 kobolds (D:2)
  A rat (D:1)
23 creatures vanquished.

Notes
Turn   | Place    | Note
-------+----------+-------------------------------------------
     0 | D:1      | arthad the Gargoyle Earth Elementalist began the quest for
                  | the Orb.
     0 | D:1      | Reached XP level 1. HP: 10/10 MP: 3/3
   319 | D:1      | Reached skill level 4 in Earth Magic
   319 | D:1      | Reached XP level 2. HP: 15/15 MP: 3/5
   815 | D:2      | Reached XP level 3. HP: 19/19 MP: 3/6
   953 | D:2      | Killed by an exploding quokka... ignited by their inner
                  | flame

Illustrated notes

Levels and vault maps discovered:
D:1:      lemuel_arrival_cross, layout_rooms, minivault_5
D:2:      layout_basic, basic_altar

Skill      XL: |  1 |
---------------+----+-----
Earth Magic    | 4 |  4.5
Dodging        | |  1.6
Stealth        | |  2.4
Spellcasting   | |  2.4
Transmutations | |  0.7

Action                   || total
-------------------------++-------
 Cast: Sandblast         ||    29
  Use: Scroll            ||     2
Armor: Robe              ||     4
Dodge: Dodged            ||     9

Table legend: (Time is in decaauts)
 A = Elapsed time spent in this place.
 B = Non-inter-level travel time spent in this place.
 C = Inter-level travel time spent in this place.
 D = Time resting spent in this place.
 E = Time spent auto-exploring this place.
 F = Levels seen in this place.
 G = Mean time per level.
                   A        B        C        D        E       F      G
               +--------+--------+--------+--------+--------+-----+--------+
         Total |    966 |    905 |     61 |      4 |    761 |   2 |  483.0 |
       Dungeon |    966 |    905 |     61 |      4 |    761 |   2 |  483.0 |
               +--------+--------+--------+--------+--------+-----+--------+

Top non-repeatable levels by time:
     D:1: 682 daAuts
     D:2: 283 daAuts
